 Dungeon Crawl Stone Soup version 0.27.1 (webtiles) character file.

Game seed: 14950526276375657943

665 safid the Chopper (level 7, -8/61 HPs)
             Began as a Hill Orc Fighter on Sept 2, 2021.
             Blown up by a gnoll (23 damage)
             ... with a mindburst bolt
             ... on level 5 of the Dungeon.
             The game lasted 00:11:06 (4451 turns).

safid the Chopper (Hill Orc Fighter)                Turns: 4451, Time: 00:11:06

Health: -8/61      AC: 10    Str: 21      XL:     7   Next: 57%
Magic:  7/7        EV:  5    Int:  7 (8)  God:
Gold:   123        SH: 10    Dex: 16      Spells: 6/6 levels left

rFire    . . .     SeeInvis .   a - +1 war axe
rCold    . . .     Faith    .   c - +0 kite shield
rNeg     . . .     Spirit   .   n - +0 chain mail
rPois    +         Reflect  .   (no helmet)
rElec    .         Harm     .   i - +0 cloak
rCorr    .         Rampage  .   (no gloves)
Will     .....                  (no boots)
Stlth    ..........             (no amulet)
HPRegen  0.20/turn              f - ring of poison resistance
MPRegen  0.10/turn              q - +6 ring of dexterity

@: no status effects
A: no striking features
a: no special abilities


You were on level 5 of the Dungeon.
You visited 2 branches of the dungeon, and saw 6 of its levels.

You collected 123 gold pieces.

Inventory:

Hand Weapons
 a - a +1 war axe (weapon)
Missiles
 l - 114 stones (quivered)
 m - 8 datura-tipped darts
Armour
 c - a +0 kite shield (worn)
 i - a +0 cloak (worn)
 n - a +0 chain mail (worn)
Jewellery
 f - a ring of poison resistance (left hand)
 q - a +6 ring of dexterity (right hand)
Scrolls
 b - 2 scrolls of identify {unknown}
 e - a scroll of magic mapping
 o - 2 scrolls of enchant weapon
Potions
 d - 2 potions of might
 g - a potion of flight {unknown}


   Skills:
 + Level 5.3 Fighting
 + Level 7.8 Axes
 + Level 4.3 Armour
 + Level 5.3 Shields


You had 6 spell levels left.
You didn't know any spells.
Your spell library contained the following spells:

 Spells                   Type           Power      Damage    Failure   Level
 Iskenderun's Battlesphe  Conj           0%         2d6       100%        5
 Iron Shot                Conj/Erth      0%         9d1       100%        6
 Spellforged Servitor     Conj/Summ      0%         N/A       100%        7


Dungeon Overview and Level Annotations

Branches:
Dungeon (5/15)             Temple (1/1) D:5

Altars:
Ashenzari
Cheibriados
Gozag
Hepliaklqana
Makhleb
Qazlal
Ru
Sif Muna
Trog
Uskayaw
Vehumet
Yredelemnul
Zin
The Shining One


Message History

You slash the gnoll!
You kill the gnoll!
You barely miss the gnoll shaman. The gnoll barely misses you.
The gnoll shaman hits you but does no damage.
The gnoll completely misses you. You block the gnoll shaman's attack.
You hit the gnoll shaman.
The gnoll shaman is moderately wounded.
The gnoll hits you from afar with a +0 spear. x2
The gnoll shaman hits you with a +0 whip.
You slash the gnoll shaman!
The gnoll shaman is almost dead.
The gnoll hits you but does no damage. You block the gnoll shaman's attack.
You block the gnoll's attack.
You slash the gnoll shaman!
You kill the gnoll shaman!
You block the gnoll's attack. The gnoll hits you but does no damage.
You feel your intelligence returning.
The gnoll zaps a wand.
Your mind is blasted!
Things that are here:
a +0 whip; a +0 robe; a gnoll corpse You hit the gnoll but do no damage.
The gnoll is heavily wounded.
The gnoll hits you but does no damage. The gnoll hits you with a +0 spear.
You closely miss the gnoll.
The gnoll is heavily wounded.
You block the gnoll's attack. The gnoll barely misses you.
The gnoll closely misses you.
You barely miss the gnoll.
The gnoll is moderately wounded.
The gnoll hits you with a +0 spear.
* * * LOW HITPOINT WARNING * * *
You hit the gnoll but do no damage.
The gnoll is moderately wounded.
You block the gnoll's attack.
The gnoll zaps a wand.
You struggle to resist.
The gnoll hits you with a +0 spear.
* * * LOW HITPOINT WARNING * * *
You hit the gnoll.
The gnoll is heavily wounded.
You block the gnoll's attack.
The gnoll zaps a wand.
Your mind is blasted!
You die...

#######.#...
#######...........
#.................
#.#####..g##.##...
#.##....gg# #
#.##.##.g##
#.##.##..####
##.##.##.....#
#)@g..(...####
######.###..####
#........##(##.#..##
#....###.##.#.###..####
............## ##....+
..#.###.##.#.###..####
.># #.##.##.#..## # #.#
#.##.##...##
#.##.###.##......#


You could see a gnoll (fast).

Vanquished Creatures
  An acid dragon (D:5)
  A phantom (D:5)
  A scorpion (D:4)
  A water moccasin skeleton (D:5)
  A gnoll shaman (D:5)
  A centaur skeleton (D:4)
  Natasha (thrice) (D:3)
  A scorpion zombie (D:5)
  A hound skeleton (D:4)
  4 gnolls
  7 adders
  A white imp (D:5)
  An ufetubus (D:4)
  An adder skeleton (D:4)
  2 worms
  A dart slug (D:1)
  10 orcs (D:3)
  5 ball pythons
  4 bats
  5 endoplasms
  6 giant cockroaches
  5 goblins
  6 hobgoblins
  3 jackals (D:2)
  6 kobolds
  2 quokkas
  A frilled lizard (D:3)
  3 rats
84 creatures vanquished.

Notes
Turn   | Place    | Note
-------+----------+-------------------------------------------
     0 | D:1      | safid the Hill Orc Fighter began the quest for the Orb.
     0 | D:1      | Reached XP level 1. HP: 19/19 MP: 1/1
   158 | D:1      | Reached XP level 2. HP: 25/27 MP: 2/2
   273 | D:1      | Reached skill level 3 in Axes
   301 | D:1      | Reached XP level 3. HP: 4/33 MP: 3/3
  1142 | D:2      | Reached skill level 4 in Axes
  1339 | D:2      | Reached XP level 4. HP: 41/41 MP: 4/4
  1411 | D:2      | Found a faded altar of an unknown god.
  1827 | D:3      | Found a snail-covered altar of Cheibriados.
  2053 | D:3      | Noticed Natasha
  2066 | D:3      | Killed Natasha
  2067 | D:3      | Reached skill level 5 in Axes
  2067 | D:3      | Reached XP level 5. HP: 31/47 MP: 5/5
  2223 | D:3      | Found a bloodstained altar of Trog.
  2251 | D:3      | Noticed Natasha
  2526 | D:3      | Killed Natasha
  2659 | D:3      | Noticed Natasha
  2664 | D:3      | Killed Natasha
  2894 | D:4      | Reached XP level 6. HP: 54/55 MP: 6/6
  2906 | D:4      | Found a stormy altar of Qazlal.
  3359 | D:4      | Reached skill level 6 in Axes
  3497 | D:4      | Found a radiant altar of Vehumet.
  3578 | D:4      | Reached skill level 5 in Fighting
  3727 | D:5      | Entered Level 5 of the Dungeon
  3940 | D:5      | Noticed an acid dragon
  3952 | D:5      | Killed an acid dragon
  3953 | D:5      | Reached skill level 7 in Axes
  3953 | D:5      | Reached skill level 5 in Shields
  3953 | D:5      | Reached XP level 7. HP: 15/61 MP: 7/7
  4231 | D:5      | Found a staircase to the Ecumenical Temple.
  4236 | Temple   | Entered the Ecumenical Temple
  4451 | D:5      | Blown up by a gnoll

Illustrated notes

Levels and vault maps discovered:
D:1:      lemuel_arrival_behind_the_door_large, layout_basic
D:2:      layout_loops_ring, hellmonk_ecumenical_altar_leap_of_faith
D:3:      layout_basic, cheibriados_altar_1, lemuel_round_altar, uniq_natasha
D:4:      layout_loops_ring, mainiacjoe_overflow_alcove_1, grunt_qazlal_clouds,
          nicolae_underground_beach
D:5:      layout_loops_corners, grunt_temple_overflow_growth_and_decay,
          minmay_temple_entry_steel_oval, uniq_menkaure, uniq_pikel
Temple:   cyrus_temple_forest

Skill      XL: |  1  2  3  4  5  6 |
---------------+-------------------+-----
Fighting       | 4 5 |  5.3
Axes           | 3 4 5 7 |  7.8
Shields        | 4 5 |  5.3
Armour         | 4 |  4.3

Action                   |  1- 3 |  4- 6 |  7- 9 || total
-------------------------+-------+-------+-------++-------
Melee: War axe           |    66 |   143 |    37 ||   246
Throw: Stone             |       |       |     2 ||     2
  Use: Scroll            |       |     5 |       ||     5
       Potion            |       |     5 |       ||     5
Armor: Scale mail        |    26 |    33 |       ||    59
       Chain mail        |       |    36 |    21 ||    57
Dodge: Dodged            |    25 |    45 |    10 ||    80
Block: Kite shield       |    30 |    82 |    29 ||   141
